 Dungeon Crawl Stone Soup version 0.17.2 (webtiles) character file.

821 Goblin1989 the Twirler (level 7, -4/56 HPs)
             Began as a Demonspawn Wanderer on June 25, 2016.
             Was an Initiate of Ashenzari.
             Slain by a sky beast (5 damage)
             ... on level 4 of the Dungeon.
             The game lasted 00:14:44 (5137 turns).

Goblin1989 the Twirler (Demonspawn Wanderer)        Turns: 5137, Time: 00:14:44

Health: -4/56      AC:  9    Str: 16    XL:     7   Next: 63%
Magic:  7/7        EV: 11    Int: 10    God:    Ashenzari [......]
Gold:   244        SH:  0    Dex: 14    Spells: 0 memorised, 6 levels left

rFire  . . .     SeeInvis .     b - +0 quarterstaff
rCold  + . .     Clarity  .     h - +0 ring mail
rNeg   . . .     SustAt   .     (shield currently unavailable)
rPois  .         Gourm    .     (helmet restricted)
rElec  .         Spirit   .     l - +0 cloak
rCorr  .         Warding  .     g - +0 pair of gloves
rMut   .         Stasis   .     (no boots)
MR     .....                    (no amulet)
Stlth  +.........               (no ring)
                                (no ring)

@: not resistant to hostile enchantments, very unstealthy
A: antennae 1, thin metallic scales 1, cold resistance 1, rot immunity
a: Renounce Religion


You were on level 4 of the Dungeon.
You worshipped Ashenzari.
Ashenzari was noncommittal.
You were hungry.

You visited 1 branch of the dungeon, and saw 5 of its levels.

You collected 244 gold pieces.

Inventory:

Hand Weapons
 a - a +2 shortbow
 b - a +0 quarterstaff (weapon)
Missiles
 c - 135 arrows
Armour
 e - a +0 plate armour
 g - a +0 pair of gloves (worn)
 h - a +0 ring mail (worn)
 l - a +0 cloak (worn)
Wands
 v - a wand of draining (9)
Scrolls
 d - 5 scrolls of identify {unknown}
 i - 2 scrolls of amnesia {unknown}
 m - a scroll of blinking {unknown}
 n - a scroll of random uselessness {unknown}
 o - 2 scrolls of teleportation {unknown}
 t - a scroll of noise {unknown}
 w - a scroll of immolation {unknown}
 x - 2 scrolls of fog {unknown}
 y - a scroll of fear {unknown}
Potions
 j - a potion of haste {unknown}
 k - 2 potions of heal wounds {unknown}
 p - 5 potions of curing {unknown}
 s - a potion of magic {unknown}
 u - a potion of mutation {unknown}
 z - 2 potions of invisibility {unknown}
 A - a potion of agility {unknown}
Comestibles
 f - 3 bread rations
 q - 2 meat rations
 r - a beef jerky


   Skills:
 - Level 5.0 Fighting
   Level 1.0 Short Blades
 * Level 7.4 Staves
 - Level 1.0 Bows
 - Level 1.0 Throwing
 - Level 1.0 Armour
 + Level 2.1 Dodging
 - Level 1.0 Stealth


You had 6 spell levels left.
You didn't know any spells.

Dungeon Overview and Level Annotations

Branches:
Dungeon (5/15)             Temple (0/1) D:4

Altars:
Ashenzari
Cheibriados
Gozag
Nemelex Xobeh


Innate Abilities, Weirdness & Mutations

You have a pair of small antennae on your head.
You are partially covered in thin metallic scales (AC +2).
Your flesh is cold resistant.
You are immune to rotting.


Message History

You take 9 damage, and have 9/56 hp.
You miss something.
A sky beast appears from thin air!
Reactivating autopickup.
The sky beast closely misses you.
You hit the sky beast but do no damage. The sky beast hits you.
* * * LOW HITPOINT WARNING * * *
The sky beast shocks you.
* * * LOW HITPOINT WARNING * * *
You take 8 damage, and have 1/56 hp.
You hit the sky beast but do no damage.
The sky beast hits you but does no damage.
You closely miss the sky beast.
The sky beast hits you but does no damage.
You hit the sky beast. The sky beast barely misses you.
You barely miss the sky beast. The sky beast closely misses you.
You miss the sky beast. You barely miss the sky beast. The sky beast hits you.
* * * LOW HITPOINT WARNING * * *
The sky beast shocks you.
You die...

#.##.......###....
#.#.#......)######
#..###.....[[)..).
#.#.#.......######
#.#........##
#.#.......#######
#.#..#.<........#
#Y#..#.########.#
#@#....# #.#
#.#≈.#.# #.##
#.#..#.# ##.##
#.#..#.#######...#
#...........#.....
####.............#
###.##.#...#.##
#.##.#.......
#.##.###.#.##


You could see a sky beast.

Vanquished Creatures
  Duvessa (D:4)
  A centaur (D:3)
  Dowan (D:4)
  2 iguanas (D:4)
  2 orc priests
  A gnoll shaman (D:4)
  Terence (D:2)
  5 orc wizards
  2 worker ants (D:4)
  6 gnolls (D:4)
  Robin (D:2)
  6 adders
  3 oozes
  2 adder skeletons (D:4)
  A worm (D:3)
  10 orcs
  8 hobgoblins
  4 jackals (D:4)
  9 kobolds
  A quokka (D:3)
  A ball python (D:3)
  8 bats
  4 giant geckos
  6 giant newts
  16 goblins
  6 rats
108 creatures vanquished.

Notes
Turn   | Place    | Note
--------------------------------------------------------------
     0 | D:1      | Goblin1989 the Demonspawn Wanderer began the quest for the Orb.
     0 | D:1      | Goblin1989 set off with: a +2 shortbow, 23 arrows, a +0 quarterstaff, a +0 short sword, a +0 robe, a bread ration
     0 | D:1      | Reached XP level 1. HP: 21/21 MP: 1/1
    84 | D:1      | Reached skill level 1 in Staves
   291 | D:1      | Gained mutation: You are partially covered in thin metallic scales (AC +2). [demonic ancestry]
   291 | D:1      | Reached XP level 2. HP: 27/27 MP: 2/2
   718 | D:1      | Gained mutation: Your flesh is cold resistant. [demonic ancestry]
   718 | D:1      | Reached XP level 3. HP: 29/33 MP: 3/3
  1367 | D:2      | Found a shattered altar of Ashenzari.
  1379 | D:2      | Became a worshipper of Ashenzari the Shackled
  1489 | D:2      | Found a snail-covered altar of Cheibriados.
  1494 | D:2      | Noticed Robin
  1630 | D:2      | Noticed Terence
  1656 | D:2      | Killed Terence
  1656 | D:2      | Gained mutation: You are immune to rotting. [demonic ancestry]
  1656 | D:2      | Reached XP level 4. HP: 17/39 MP: 4/4
  2062 | D:2      | Killed Robin
  2462 | D:3      | Reached XP level 5. HP: 38/44 MP: 5/5
  2570 | D:3      | Noticed a centaur
  2588 | D:3      | Killed a centaur
  2588 | D:3      | Reached skill level 5 in Staves
  2661 | D:3      | Gained mutation: You have a pair of small antennae on your head. [demonic ancestry]
  2661 | D:3      | Reached XP level 6. HP: 38/51 MP: 6/6
  3331 | D:4      | Found a sparkling altar of Nemelex Xobeh.
  3332 | D:4      | Found an opulent altar of Gozag.
  3473 | D:4      | Found a staircase to the Ecumenical Temple.
  3702 | D:4      | Reached skill level 6 in Staves
  4239 | D:4      | Noticed Duvessa
  4256 | D:4      | Killed Duvessa
  4256 | D:4      | Reached skill level 1 in Dodging
  4256 | D:4      | Reached XP level 7. HP: 45/56 MP: 7/7
  4297 | D:4      | Noticed Dowan
  4325 | D:4      | Killed Dowan
  4325 | D:4      | Reached skill level 7 in Staves
  5053 | D:5      | Entered Level 5 of the Dungeon
  5121 | D:4      | HP: 1/56 [sky beast (5)]
  5137 | D:4      | HP: 1/56 [sky beast (3)]
  5137 | D:4      | Slain by a sky beast

Action                   |  1- 3 |  4- 6 |  7- 9 || total
-------------------------+-------+-------+-------++-------
Melee: Quarterstaff      |   127 |   255 |   106 ||   488
  Use: Potion            |     1 |       |       ||     1
 Stab: Sleeping          |     1 |       |       ||     1
  Eat: Chunk             |     2 |     9 |     1 ||    12
       Beef jerky        |       |       |     1 ||     1
